 Dungeon Crawl Stone Soup version 0.31-a0-198-g2ad674f65e (webtiles) character file.

Game seed: 12672463539403972156

505 qw the Skirmisher (level 6, 0/35 HPs)
             Began as a Deep Elf Hunter on June 25, 2023.
             Was an Initiate of Okawaru.
             Splashed by a jelly's acid (8 damage)
             ... on level 5 of the Dungeon.
             The game lasted 00:01:10 (3062 turns).

qw the Skirmisher (Deep Elf Hunter)                 Turns: 3062, Time: 00:01:11

Health: 0/35       AC:  4    Str: 10    XL:     6   Next: 96%
Magic:  8/8        EV: 12    Int: 14    God:    Okawaru [......]
Gold:   92         SH:  0    Dex: 18    Spells: 5/5 levels left

rFire   . . .        Y - +0 orcbow
rCold   . . .        (shield currently unavailable)
rNeg    . . .        d - +0 ring mail
rPois   .            (no helmet)
rElec   .            (no cloak)
rCorr   .            (no gloves)
SInv    +            h - +2 pair of boots
Will    .....        (no amulet)
Stlth   +            j - ring of see invisible
HPRegen 0.25/turn    (no ring)
MPRegen 0.11/turn

%: no passive effects
@: corroded
A: no striking features
a: Renounce Religion


You were on level 5 of the Dungeon.
You worshipped Okawaru.
Okawaru was noncommittal.
You visited 2 branches of the dungeon, and saw 6 of its levels.

You collected 132 gold pieces.
You spent 40 gold pieces at shops.


   Skills:
 - Level 2.0 Fighting
 - Level 10.0 Ranged Weapons
 + Level 0.0 Armour
 - Level 4.3 Dodging
 - Level 1.2 Stealth


You had 5 spell levels left.
You didn't know any spells.
Your spell library was empty.

Inventory:

Hand Weapons
 Y - a +0 orcbow (weapon)
Armour
 d - a +0 ring mail (worn)
 h - a +2 pair of boots (worn)
Jewellery
 j - a ring of see invisible (left hand)
Scrolls
 a - a scroll of teleportation
 b - a scroll of identify
Potions
 c - a potion of curing
 e - 2 potions of haste
 g - a potion of invisibility {unknown}
 i - 3 potions of heal wounds

Dungeon Overview and Level Annotations

Branches:
Dungeon (5/15)             Temple (1/1) D:4

Altars:
Cheibriados
Dithmenos
Elyvilon
Gozag
Hepliaklqana
Kikubaaqudgha
Makhleb
Nemelex Xobeh
Okawaru
Qazlal
Ru
Trog
Uskayaw
Vehumet
Wu Jian
Xom
Yredelemnul
Zin
The Shining One

Shops:
D:3 ?


Message History

You climb downwards.
Found a potion of haste.
There is a stone staircase leading up here.
Waypoint 5 assigned to D:5.
Found a stone staircase leading down.
Found a plate armour.
e - 2 potions of haste (gained 1)
A steam dragon comes into view.
You shoot an arrow.
The arrow hits the steam dragon but does no damage.
The steam dragon hisses angrily.
You shoot an arrow. The arrow hits the steam dragon!
The steam dragon is moderately wounded.
A jelly comes into view.
You shoot an arrow. The arrow hits the steam dragon!
The steam dragon is heavily wounded.
You shoot an arrow. The arrow hits the steam dragon!
The steam dragon is almost dead.
A sleepcap comes into view.
You shoot an arrow.
The arrow hits the steam dragon but does no damage.
The steam dragon is almost dead.
You shoot an arrow.
The arrow hits the steam dragon but does no damage.
The steam dragon is almost dead.
The steam dragon breathes steam at you. The ball of steam hits you!!
Ouch! That really hurt!
You hear a shout! x3
You shoot an arrow. The arrow hits the steam dragon.
You kill the steam dragon!
Okawaru accepts your kill.
The steam dragon scales are intact enough to wear.
You are engulfed in a cloud of scalding steam.
Your Dodging skill gained 2 levels and is now at level 4!
You shoot an arrow.
The arrow hits the jelly but does no damage.
You are engulfed in a cloud of scalding steam.
The jelly hits you. The acid corrodes you!
You are splashed with acid!
You die...

..####.....######.....
#......#............#
#........###....#>..
#.......## #..<##
##.....## #..##
##.....# #..#
##......## #.##
.........## ..#
.......¤@.##...
......¤J.#......
....#.f¤##.....#
....#..## .....
......# ..... ......
.... ..... #... ###.


You could see a sleepcap and a jelly.

Vanquished Creatures
  Grinder (D:3)
  A steam dragon (D:5)
  2 orc wizards (D:4)
  4 adders
  3 worms
  4 dart slugs
  9 orcs
  7 endoplasms
  5 giant cockroaches
  6 goblins
  3 hobgoblins
  2 quokkas
  10 ball pythons
  4 bats
  5 frilled lizards
  9 kobolds
  A rat (D:1)
76 creatures vanquished.

Notes
Turn   | Place    | Note
-------+----------+-------------------------------------------
     0 | D:1      | qw the Deep Elf Hunter began the quest for the Orb.
     0 | D:1      | Reached XP level 1. HP: 12/12 MP: 3/3
     0 | D:1      | 0 ||| qw: Version: 0.3-a-22-g0ed2b0b
     0 | D:1      | 0 ||| qw: Game counter: 5205
     0 | D:1      | 0 ||| qw: Melee chars always use a shield: true
     0 | D:1      | 0 ||| qw: God list: Okawaru
     0 | D:1      | 0 ||| qw: Allow faded altars: false
     0 | D:1      | 0 ||| qw: Do Orc after clearing Dungeon:15 true
     0 | D:1      | 0 ||| qw: Do second Lair branch before Depths: true
     0 | D:1      | 0 ||| qw: Lair rune preference: random
     0 | D:1      | 0 ||| qw: Goals: Normal
     0 | D:1      | 0 ||| PLANNING D:1-11
    19 | D:1      | Noticed a demonspawn zombie
   183 | D:1      | Found a faded altar of an unknown god.
   240 | D:1      | Reached skill level 6 in Ranged Weapons
   240 | D:1      | Reached XP level 2. HP: 16/16 MP: 4/4
   334 | D:1      | 334 ||| FLEEEEING.
   335 | D:1      | 335 ||| FLEEEEING.
   720 | D:1      | 720 ||| UPGRADING to +0 ring mail.
   730 | D:1      | 730 ||| DROPPING +0 leather armour.
   731 | D:1      | 731 ||| UPGRADING to +2 pair of boots.
   736 | D:1      | 736 ||| DROPPING amulet of magic regeneration.
   737 | D:1      | 737 ||| READING scroll labelled ODOLISIDUU.
   738 | D:1      | 738 ||| READING scroll labelled SITSUUBO HEHI.
   739 | D:1      | 739 ||| DROPPING scroll of butterflies.
   781 | D:2      | Reached XP level 3. HP: 20/20 MP: 5/5
   833 | D:2      | Reached skill level 7 in Ranged Weapons
   934 | D:2      | Found an ornate altar of the Wu Jian Council.
  1153 | D:2      | Reached XP level 4. HP: 17/25 MP: 6/6
  1434 | D:2      | 1434 ||| READING scroll labelled YBBUZIC BAKKES.
  1435 | D:2      | 1435 ||| READING 3 scrolls labelled CUIHOTH HOAXZU.
  1436 | D:2      | 1436 ||| READING scroll labelled ORUITHR IN PUAF.
  1437 | D:2      | 1437 ||| DRINKING 2 blue potions.
  1438 | D:2      | 1438 ||| DRINKING 2 glowing coppery potions.
  1439 | D:2      | 1439 ||| DROPPING 2 scrolls of fog.
  1488 | D:3      | Found Safokk's Magic Scroll Emporium.
  1501 | D:3      | 1501 ||| SHOPLISTING scroll of brand weapon (95 gold, have
                  | 49).
  1501 | D:3      | 1501 ||| SHOPLISTING scroll of enchant armour (75 gold,
                  | have 49).
  1501 | D:3      | 1501 ||| BUYING scroll of identify (20 gold).
  1501 | D:3      | Bought a scroll of identify for 20 gold pieces
  1501 | D:3      | 1501 ||| BUYING scroll of identify (20 gold).
  1501 | D:3      | Bought a scroll of identify for 20 gold pieces
  1501 | D:3      | 1501 ||| SHOPLISTING scroll of identify (20 gold, have 9).
  1501 | D:3      | 1501 ||| SHOPLISTING scroll of teleportation (30 gold, have
                  | 9).
  1529 | D:3      | 1529 ||| SWAPPING to +0 orcbow.
  1530 | D:3      | 1530 ||| DROPPING +0 shortbow.
  1765 | D:3      | Found a shimmering altar of Xom.
  1767 | D:3      | Noticed an angel
  1770 | D:3      | Found a glowing silver altar of Zin.
  1770 | D:3      | Noticed Grinder
  1771 | D:3      | 1771 ||| DROPPING +6 ring of intelligence.
  1772 | D:3      | 1772 ||| UPGRADING to ring of see invisible.
  1775 | D:3      | 1775 ||| FLEEEEING.
  1775 | D:3      | Paralysed by Grinder for 3 turns
  1778 | D:3      | 1778 ||| FLEEEEING.
  1783 | D:3      | 1783 ||| FLEEEEING.
  1784 | D:3      | 1784 ||| FLEEEEING.
  1785 | D:3      | 1785 ||| FLEEEEING.
  1786 | D:3      | 1786 ||| FLEEEEING.
  1787 | D:3      | 1787 ||| FLEEEEING.
  1791 | D:3      | 1791 ||| FLEEEEING.
  1792 | D:3      | 1792 ||| FLEEEEING.
  1813 | D:3      | Paralysed by Grinder for 4 turns
  1818 | D:3      | Killed Grinder
  1819 | D:3      | Reached skill level 9 in Ranged Weapons
  1819 | D:3      | Reached XP level 5. HP: 15/29 MP: 7/7
  1819 | D:3      | Reached XP level 6. HP: 18/34 MP: 8/8
  1994 | D:3      | 1994 ||| READING scroll labelled ZOXZUE INLOWOA.
  2171 | D:3      | 2171 ||| READING 3 scrolls of identify.
  2171 | D:3      | 2171 ||| IDENTIFYING pink potion
  2172 | D:3      | 2172 ||| READING 2 scrolls of identify.
  2172 | D:3      | 2172 ||| IDENTIFYING sedimented emerald potion
  2173 | D:3      | 2173 ||| DROPPING potion of brilliance.
  2245 | D:4      | 2245 ||| FLEEEEING.
  2248 | D:4      | 2248 ||| FLEEEEING.
  2249 | D:4      | 2249 ||| FLEEEEING.
  2250 | D:4      | 2250 ||| FLEEEEING.
  2255 | D:4      | 2255 ||| FLEEEEING.
  2256 | D:4      | 2256 ||| FLEEEEING.
  2257 | D:4      | 2257 ||| FLEEEEING.
  2467 | D:4      | Reached skill level 10 in Ranged Weapons
  2590 | D:4      | Found a staircase to the Ecumenical Temple.
  2591 | D:4      | 2591 ||| PLANNING TEMPLE
  2591 | D:4      | 2591 ||| READING scroll labelled QEIJUMU OHAE.
  2600 | Temple   | Entered the Ecumenical Temple
  2664 | Temple   | 2664 ||| PLANNING OKAWARU WORSHIP
  2803 | Temple   | Became a worshipper of Warmaster Okawaru
  2804 | Temple   | 2804 ||| PLANNING D:1-11
  3031 | D:5      | Entered Level 5 of the Dungeon
  3054 | D:5      | Noticed a steam dragon
  3061 | D:5      | Killed a steam dragon
  3062 | D:5      | HP: 8/35 [something (3)]
  3062 | D:5      | Splashed by a jelly's acid

Levels and vault maps discovered:
D:1:      shiori_arrival_whats_in_store_for_you, layout_basic,
          shapermc_ecumenical_altar_petra
D:2:      layout_basic, basic_altar
D:3:      layout_loops_ring, grunt_temple_overflow_order_and_chaos_1,
          serial_shops, shop, serial_glass, glass_columns_b, glass_columns_c,
          glass_columns_a, glass_columns_b, glass_columns_a, glass_columns_a,
          ebering_dispersal_statue_hall, uniq_grinder
D:4:      layout_loops_ring, minmay_temple_entry_junction, grunt_ministairs_3
D:5:      layout_layer_cave, uniq_crazy_yiuf_cottage
Temple:   bh_familiar_temple

Skill      XL: |  1  2  3  4  5  6 |
---------------+-------------------+-----
Ranged Weapons | 6 7 9 10 | 10.0
Fighting       | 2 |  2.0
Dodging        | 4 |  4.3
Stealth        | |  1.2

Action                     |  1- 3 |  4- 6 || total
---------------------------+-------+-------++-------
   Fire: Shortbow          |    84 |    13 ||    97
         Orcbow            |       |   118 ||   118
    Use: Scroll            |     2 |     7 ||     9
         Potion            |       |     2 ||     2
 Armour: Leather armour    |     2 |       ||     2
         Ring mail         |     8 |     5 ||    13
         Skin              |       |     4 ||     4
  Dodge: Dodged            |    15 |     5 ||    20

Table legend:
 A = Non-vault XP
 B = Vault XP
 C = Vault XP percentage of total XP
 D = Non-vault monster count
 E = Vault monster count
 F = Vault count percentage of total count
                 A         B        C        D         E       F
            +---------+---------+-------+---------+---------+-------
      Total |     441 |     281 |  38.9 |      73 |       3 |   3.9
            +---------+---------+-------+---------+---------+-------
        D:1 |      32 |       0 |   0.0 |      18 |       0 |   0.0
        D:2 |      72 |       0 |   0.0 |      18 |       0 |   0.0
        D:3 |      27 |     277 |  91.1 |      13 |       1 |   7.1
        D:4 |     127 |       4 |   3.1 |      23 |       2 |   8.0
        D:5 |     183 |       0 |   0.0 |       1 |       0 |   0.0
            +---------+---------+-------+---------+---------+-------
